 Dungeon Crawl Stone Soup version 0.30-a0-165-g1891117ce2 (webtiles) character file.

Game seed: 8883447281299252305

2 blackman the Grave Robber (level 1, -1/13 (15) HPs)
             Began as a Human Wanderer on Sept 28, 2022.
             Slain by a kobold
             ... wielding a +0 club
              (3 damage)
             ... on level 1 of the Dungeon.
             The game lasted 00:00:27 (294 turns).

blackman the Grave Robber (Human Wanderer)           Turns: 294, Time: 00:00:28

HP:   -1/13 (15)    AC:  2    Str:  8    XL:     1   Next: 44%
MP:   1/2           EV: 11    Int: 13    God:
Gold: 0             SH:  0    Dex: 15    Spells: 1/2 levels left

rFire   . . .      SeeInvis .    a - +0 short sword
rCold   . . .      Faith    .    (no shield)
rNeg    . . .      Spirit   .    d - +0 robe
rPois   .          Reflect  .    (no helmet)
rElec   .          Harm     .    (no cloak)
rCorr   .          Rampage  .    (no gloves)
Will    .....                    (no boots)
Stlth   +.........               (no amulet)
HPRegen 0.04/turn                (no ring)
MPRegen 0.08/turn                (no ring)

@: very slightly contaminated, heavily drained
A: no striking features
a: no special abilities


You were on level 1 of the Dungeon.
You visited 1 branch of the dungeon, and saw 1 of its levels.

Inventory:

Hand Weapons
 a - a +0 short sword (weapon)
Armour
 d - a +0 robe (worn)
Scrolls
 c - a scroll of fear
Potions
 e - a potion of ambrosia {unknown}
Miscellaneous
 b - a piece from Xom's chessboard (15/15)


   Skills:
 - Level 1.0 Fighting
 - Level 1.0 Short Blades
 - Level 1.0 Throwing
 - Level 1.0 Dodging
 - Level 1.0 Spellcasting
 + Level 0.4 Conjurations
 + Level 4.0 Necromancy
 - Level 1.0 Evocations


You had one spell level left.
You knew the following spells:

 Your Spells              Type           Power      Damage    Failure   Level
a - Kiss of Death         Conj/Necr      24%        2d7       12%         1

Your spell library contained the following spells:

 Spells                   Type           Power      Damage    Failure   Level
 Animate Dead             Necr           11%        N/A       47%         4
 Anguish                  Hex/Necr       2%         N/A       77%         4


Dungeon Overview and Level Annotations

Branches:
Dungeon (1/15)

Altars:


Message History

The kobold shouts!
A kobold is nearby!
A giant cockroach comes into view.
The kobold closely misses you.
You barely miss the kobold. You hit the kobold but do no damage.
The kobold closely misses you.
You barely miss the giant cockroach. The giant cockroach bites you.
The kobold barely misses you. The giant cockroach barely misses you.
You closely miss the giant cockroach. The kobold hits you but does no damage.
The giant cockroach bites you but does no damage.
You hit the giant cockroach.
The giant cockroach is almost dead.
The kobold barely misses you. The giant cockroach bites you.
You barely miss the giant cockroach.
The giant cockroach is almost dead.
The kobold hits you but does no damage. The giant cockroach barely misses you.
You barely miss the giant cockroach.
The giant cockroach is almost dead.
The kobold hits you with a +0 club. The giant cockroach misses you.
You closely miss the giant cockroach.
The giant cockroach is almost dead.
The giant cockroach bites you. The kobold barely misses you.
You are too injured to fight recklessly!
You are too injured to fight recklessly!
You are too injured to fight recklessly!
The giant cockroach barely misses you.
The giant cockroach bites you but does no damage.
The giant cockroach attacks as you move away!
The giant cockroach closely misses you. The kobold attacks as you move away!
The kobold hits you with a +0 club.
* * * LOW HITPOINT WARNING * * *
Casting: Kiss of Death (safe; 12% risk of failure)
Confirm with . or Enter, or press ? or * to list all spells.
Aiming: Kiss of Death (safe; 12% risk of failure)
Press: ? - help, Shift-Dir - straight line, f - kobold
Aim: a kobold, wielding a +0 club (100% to hit)
You miscast Kiss of Death.
You are very lightly contaminated with residual magic.
Nothing appears to happen.
The kobold hits you with a +0 club.
You die...

#.. #.# #......8#
##..#####.###......<#
#...#.....)...(....8#
####.#.#.######..[.8..##
..........## #......)#
...........# ##......#
.###.##....# #.#8.8## #
##.#.# #.##### #.#@# #.#
#.#K## #.# #..B.# #.#
..............#
#..##....###### #.
#.#.## #.#.# #.#.# #....


You could see a giant cockroach and a kobold.

Vanquished Creatures
  A kobold (D:1)
  A quokka (D:1)
2 creatures vanquished.

Notes
Turn   | Place    | Note
-------+----------+-------------------------------------------
     0 | D:1      | blackman the Human Wanderer began the quest for the Orb.
     0 | D:1      | blackman set off with the following items: a +0 short
                  | sword, a piece from Xom's chessboard (15/15), a scroll of
                  | fear, a +0 robe; and the following spell memorised: Kiss of
                  | Death; and the following spells available to memorise:
                  | Animate Dead, Anguish.
     0 | D:1      | Reached XP level 1. HP: 15/15 MP: 2/2
   294 | D:1      | Slain by a kobold

Illustrated notes

Levels and vault maps discovered:
D:1:      mrwooster_arrival_statue_2, layout_loops_ring

Action                   || total
-------------------------++-------
Melee: Short sword       ||    12
 Cast: Kiss of Death     ||     1
Armor: Robe              ||     4
Dodge: Dodged            ||    11

Table legend: (Time is in decaauts)
 A = Elapsed time spent in this place.
 B = Non-inter-level travel time spent in this place.
 C = Inter-level travel time spent in this place.
 D = Time resting spent in this place.
 E = Time spent auto-exploring this place.
 F = Levels seen in this place.
 G = Mean time per level.
                   A        B        C        D        E       F      G
               +--------+--------+--------+--------+--------+-----+--------+
         Total |    293 |    293 |      0 |    249 |     23 |   1 |  293.0 |
       Dungeon |    293 |    293 |      0 |    249 |     23 |   1 |  293.0 |
               +--------+--------+--------+--------+--------+-----+--------+

Top non-repeatable levels by time:
     D:1: 293 daAuts
